 Dungeon Crawl Stone Soup version 0.27-a0-906-g0a00ce863d (webtiles) character file.

Game seed: 4337375075316390518

23111 HilariousDeathArtist the Spry (level 12, -3/63 HPs)
             Began as a Spriggan Brigand on Apr 7, 2021.
             Was the Champion of Dithmenos.
             Killed themself with a badly aimed iceblast (20 damage)
             ... on level 12 of the Dungeon.
             The game lasted 00:43:37 (20274 turns).

HilariousDeathArtist the Spry (Spriggan Brigand)   Turns: 20274, Time: 00:43:38

Health: -3/63      AC:  3    Str:  7    XL:     12   Next: 69%
Magic:  14/14      EV: 28    Int: 18    God:    Dithmenos [******]
Gold:   557        SH:  7    Dex: 16    Spells: 7/13 levels left

rFire    + . .     SeeInvis +   b - +4 scimitar
rCold    + . .     Faith    +   q - +0 buckler {rC+}
rNeg     . . .     Spirit   .   m - +2 robe {Will+}
rPois    +         Reflect  .   (helmet restricted)
rElec    .         Harm     .   u - +2 cloak {rPois}
rCorr    .         Rampage  .   (gloves unavailable)
Will     +++..                  (boots unavailable)
Stlth    ++++++....             I - amulet of faith
HPRegen  0.20/turn              F - ring of protection from fire {rF+, !d}
MPRegen  0.14/turn              (no ring)

@: corroded, unable to read, wreathed by umbra, studying 2 skills, very quick
A: very small, no large weapons, unfitting armour, see invisible, speed 3,
antennae 1, inability to read while threatened
a: Renounce Religion, Shadow Step, Shadow Form


You were on level 12 of the Dungeon.
You worshipped Dithmenos.
Dithmenos was exalted by your worship.
You visited 1 branch of the dungeon, and saw 12 of its levels.
You also visited: Sewer, Ossuary and Ice Cave.

You collected 857 gold pieces.
You spent 300 gold pieces at shops.

Inventory:

Hand Weapons
 a - a +2 dagger of draining
   (You took it off a kobold on level 1 of the Dungeon)
 b - a +4 scimitar (weapon)
   (You took it off a wight on level 8 of the Dungeon)
 t - a +0 scimitar of flaming
   (You took it off Erica on level 8 of the Dungeon)
Missiles
 f - 10 arrows
 g - 89 sling bullets
 s - 251 stones
 B - 4 throwing nets {!d}
 K - a curare-tipped dart
 Q - 17 poisoned darts
 U - 23 boomerangs (quivered)
Armour
 m - a +2 robe of willpower (worn)
   (You took it off Nergalle on level 12 of the Dungeon)
 q - a +0 buckler of cold resistance (worn)
   (You found it in an ice cave)
 u - a +2 cloak of poison resistance (worn)
   (You bought it in a shop on level 8 of the Dungeon)
Jewellery
 c - a ring of ice {rC+, rF-}
   (You found it on level 9 of the Dungeon)
 F - a ring of protection from fire (left hand) {rF+, !d}
   (You found it on level 1 of the Dungeon)
 I - an amulet of faith (around neck)
   (You found it on level 10 of the Dungeon)
Wands
 e - a wand of charming (6)
   (You found it on level 9 of the Dungeon)
 h - a wand of acid (4)
   (You found it on level 7 of the Dungeon)
 i - a wand of iceblast (24)
   (You found it in an ice cave)
 j - a wand of polymorph (26)
   (You took it off Pikel on level 5 of the Dungeon)
 p - a wand of paralysis (11)
   (You found it on level 7 of the Dungeon)
 r - a wand of random effects (10)
   (You found it on level 11 of the Dungeon)
 y - a wand of mindburst (49)
   (You found it on level 7 of the Dungeon)
Scrolls
 k - 2 scrolls of torment {!r}
 l - 2 scrolls of enchant weapon {+5dblade=trove}
 o - a scroll of brand weapon
 x - 4 scrolls of amnesia
 A - a scroll of fog
 D - a scroll of blinking {!r}
 E - 2 scrolls of fear
 O - a scroll of silence
 T - a scroll of identify {@r1}
 V - 3 scrolls of vulnerability {!r!r}
 Y - 4 scrolls of teleportation {@r3}
Potions
 d - 2 potions of attraction {!q}
 G - 2 potions of ambrosia {!q}
 H - a potion of haste
 J - 2 potions of curing {@q1}
 L - 4 potions of flight
 M - a potion of might
 N - a potion of heal wounds {@q2}
 P - 7 potions of lignification {!q}
 R - a potion of resistance


   Skills:
 + Level 7.5 Fighting
 + Level 9.6 Short Blades
 + Level 8.5 Throwing
 * Level 16.9 Dodging
 + Level 6.5 Stealth
 + Level 4.7 Shields
 + Level 1.0 Spellcasting
 + Level 0.3 Conjurations
 + Level 1.0 Ice Magic
 + Level 0.4 Air Magic
 + Level 1.7 Invocations
 * Level 11.6 Evocations


You had 7 spell levels left.
You knew the following spells:

 Your Spells              Type           Power      Damage    Failure   Level
a - Freezing Cloud        Conj/Ice/Air   1%         6-21      100%        6

Your spell library contained the following spells:

 Spells                   Type           Power      Damage    Failure   Level
 Magic Dart               Conj           8%         1d3       21%         1
 Animate Skeleton         Necr           0%         N/A       24%         1
 Pain                     Necr           0%         1d4       24%         1
 Summon Small Mammal      Summ           0%         N/A       24%         1
 Searing Ray              Conj           4%         3d3       30%         2
 Poisonous Vapours        Pois/Air       2%         N/A       32%         2
 Call Imp                 Summ           0%         N/A       34%         2
 Conjure Flame            Conj/Fire      1%         6-21      54%         3
 Dazzling Flash           Conj/Hex       2%         N/A       54%         3
 Mephitic Cloud           Conj/Pois/Air  1%         N/A       54%         3
 Call Canine Familiar     Summ           0%         N/A       56%         3
 Confusing Touch          Hex            0%         N/A       56%         3
 Gell's Gravitas          Tloc           0%         N/A       56%         3
 Summon Guardian Golem    Hex/Summ       0%         N/A       56%         3
 Vampiric Draining        Necr           0%         2d6       56%         3
 Summon Ice Beast         Ice/Summ       2%         N/A       88%         4
 Fulminant Prism          Conj/Hex       0%         3d6       91%         4
 Iskenderun's Mystic Bla  Conj/Tloc      1%         2d3       91%         4
 Summon Lightning Spire   Summ/Air       1%         N/A       91%         4
 Animate Dead             Necr           0%         N/A       93%         4
 Petrify                  Tmut/Erth      0%         N/A       93%         4
 Metabolic Englaciation   Hex/Ice        1%         N/A       99%         5
 Agony                    Necr           0%         N/A       100%        5
 Yara's Violent Unravell  Hex/Tmut       0%         3d3       100%        5


Dungeon Overview and Level Annotations

Branches:
Dungeon (12/15)            Temple (0/1) D:7            Lair (0/6) D:8
    Orc (0/2) D:10          Sewer (visited)         Ossuary (visited)
  IceCv (visited)

Altars:
Ashenzari
Dithmenos
Elyvilon
Gozag
Kikubaaqudgha
Nemelex Xobeh
Okawaru
Ru
Wu Jian
Xom
Yredelemnul
The Shining One

Shops:
D:2 (   D:7 !   D:8 [   D:9 [[   D:12 (

Portals:
Trove: D:11 (give +5 demon blade)

Annotations:
D:5 dig


Innate Abilities, Weirdness & Mutations

You are very small and have problems with some larger weapons.
You are too small for most types of armour.
You have supernaturally acute eyesight. (SInv)
You cover ground extremely quickly. (Speed+++)
You have a pair of small antennae on your head.
You sometimes lose the ability to read scrolls when taking damage.


Message History

Aim: a troll (lightly wounded, very poisoned, slow, umbra, 67% to hit)
You throw a poisoned dart.
The poisoned dart barely misses the troll.
Throw: 16 darts (poison)
Aim: a troll (lightly wounded, very poisoned, slow, umbra, 67% to hit)
You throw a poisoned dart. The poisoned dart hits the troll.
The troll looks even sicker.
Throw: 15 darts (poison)
Aim: a troll (moderately wounded, very poisoned, slow, umbra, 67% to hit)
You throw a poisoned dart. The poisoned dart hits the troll!
The troll looks as sick as possible!
Throw: 14 darts (poison)
Aim: a troll (moderately wounded, extremely poisoned, slow, umbra, 67% to hit)
You throw a poisoned dart.
The poisoned dart barely misses the troll.
You sense an unholy aura.
a - a +2 dagger of draining (weapon)
You completely miss the troll. You hit the troll.
You hit the troll but do no damage. You drain the troll.
Your shadow hits the troll with a dagger.
The troll misses you. The troll claws you. The troll misses you.
You take 3 damage, and have 33/63 hp.
You hit the troll. You hit the troll. You drain the troll.
Your shadow hits the troll with a dagger.
The troll misses you. x2; The troll claws you but does no damage.
You hit the troll but do no damage.
Your shadow hits the troll with a dagger.
You hit the troll. You drain the troll.
You kill the troll!
Dithmenos accepts your kill.
You see here a troll corpse.
You start resting.
Health restored: 63
Q - 15 poisoned darts (gained 2)
Q - 16 poisoned darts (gained 1)
Q - 17 poisoned darts (gained 1)
You see here a troll corpse.
g - 89 sling bullets (gained 25)
f - 10 arrows
Things that are here:
a +0 hand axe; an orc skeleton You sense a monster nearby.
You see here a +0 ring mail.
You open the door. 6 crimson imps, 2 white imps and a shadow imp come into view.
A crimson imp is carrying a wand of acid (7).
The crimson imp shouts! x5; The white imp shouts! x2
The crimson imp blinks! x3
There are monsters nearby!
There are monsters nearby!
There are monsters nearby!
There are monsters nearby!
b - a +4 scimitar (weapon)
The shadow imp shouts, "Begone, thou currish nose-picking urchin!"
You slash the crimson imp!
Your shadow barely misses the crimson imp.
The crimson imp blinks!
The crimson imp grins evilly.
The crimson imp completely misses you. x2
The crimson imp picks up a beetle and eats it.
The crimson imp zaps a wand.
The bolt of acid hits you!!
You emit a cloud of dark smoke.
The acid corrodes you!
You are splashed with acid!
You feel threatened and lose the ability to read scrolls!
You take 32 damage, and have 31/63 hp.
MASSIVE DAMAGE!!
Aim: a crimson imp, carrying a wand of acid (6) (black smoke, moderately wounded, umbra, 36% to evade)
Okay, then.
Aim: a crimson imp, carrying a wand of acid (6) (black smoke, moderately wounded, umbra) That beam is likely to hit you.
Continue anyway?
The mass of ice explodes!
The iceblast engulfs the crimson imp!
The crimson imp is frozen!
The iceblast engulfs you! You partially resist.
* * * LOW HITPOINT WARNING * * *
The iceblast engulfs the crimson imp!!
The crimson imp is frozen!
You kill the crimson imp!
Dithmenos accepts your kill.
The iceblast engulfs the crimson imp!!
The crimson imp is frozen!
You kill the crimson imp!
Dithmenos accepts your kill. The crimson imp completely misses you.
You riposte.
You miss the crimson imp.
Your Spellcasting skill increases to level 1!
Your Ice Magic skill increases to level 1!
You take 14 damage, and have 17/63 hp.
MASSIVE DAMAGE!!
Aim: a crimson imp (black smoke, umbra) That beam is likely to hit you.
Continue anyway?
The mass of ice explodes!
The iceblast engulfs the crimson imp!!
The crimson imp is frozen!
You kill the crimson imp!
Dithmenos accepts your kill.
The iceblast engulfs the crimson imp!
The crimson imp is frozen!
You kill the crimson imp!
Dithmenos accepts your kill.
The iceblast engulfs the white imp!
The white imp partially resists.
You kill the white imp!
Dithmenos accepts your kill. The iceblast engulfs you!! You partially resist.
You die...

...#.#.#......####...........#.#
.....o.#.......# ######..###'#'#
.....#.........# #### #..)#
....##.........# ##.##
....#..........# ###.###
....#..........# #.....#
######........### #.....#
..........§## #.....#
..........§@# #..)..#
........##§# #######
........#.55 ........#55.#
........#...# #......######
######


You could see 2 crimson imps, a white imp and a shadow imp.

Vanquished Creatures
  Fannar (D:11)
  Harold (D:10)
  Erica (D:8)
  2 boulder beetles (D:11)
  Erolcha (D:10)
  2 two-headed ogres (D:8)
  Urug (D:10)
  Nergalle (D:12)
  Pikel (D:5)
  Maurice (D:11)
  3 gargoyles (D:12)
  An unseen horror (D:11)
  A kobold demonologist (D:9)
  Psyche (D:11)
  2 ice devils (D:12)
  10 freezing wraiths (IceCv)
  3 trolls
  2 wolf spider simulacra (IceCv)
  3 hornets
  3 wraiths (D:12)
  A wyvern (D:9)
  18 yaks
  A golden eye (D:7)
  A steam dragon (D:6)
  4 vampire mosquitoes (D:12)
  2 wargs (D:10)
  Edmund (D:5)
  3 water moccasins
  A black bear (D:3)
  9 ice beasts
  An orc warrior (D:10)
  A sky beast (D:8)
  2 ogres
  7 centaurs
  3 lemures (D:5)
  3 kobold brigands
  A bullfrog (D:7)
  A scorpion (D:5)
  A wyvern zombie (D:8)
  A water moccasin zombie (Ossuary)
  2 water moccasin skeletons
  16 killer bees
  An elephant simulacrum (IceCv)
  3 wights (D:8)
  A howler monkey (D:4)
  An electric eel (D:10)
  4 crimson imps (D:12)
  2 centaur zombies
  3 draconian simulacra (IceCv)
  A jelly (D:6)
  A gnoll shaman (D:6)
  9 orc priests
  2 bullfrog skeletons
  3 centaur skeletons (D:7)
  4 hounds
  5 iguanas
  Crazy Yiuf (D:6)
  12 orc wizards
  4 spriggan simulacra (IceCv)
  A polar bear simulacrum (IceCv)
  2 troll simulacra (IceCv)
  4 centaur simulacra
  A hound skeleton (D:4)
  3 howler monkey zombies
  2 mummies (Ossuary)
  3 gnolls (D:6)
  A river rat (Sewer)
  8 adders
  3 naga simulacra (IceCv)
  4 ogre simulacra (IceCv)
  13 white imps
  2 ufetubi
  2 adder skeletons
  3 adder zombies (Ossuary)
  A dart slug (D:3)
  37 orcs
  7 ball pythons
  8 endoplasms
  5 giant cockroaches
  7 goblins
  5 hobgoblins
  9 jackals
  3 quokkas
  3 bats
  4 gnoll zombies (Ossuary)
  5 hobgoblin zombies (Ossuary)
  22 kobolds
  3 kobold zombies (Ossuary)
  3 orc zombies (Ossuary)
  10 rats
362 creatures vanquished.

Vanquished Creatures (collateral kills)
  A necromancer (IceCv)
  An ogre simulacrum (IceCv)
2 creatures vanquished.

Vanquished Creatures (others)
  5 fungi
  3 plants (D:8)
8 creatures vanquished.

Grand Total: 372 creatures vanquished

Notes
Turn   | Place    | Note
-------+----------+-------------------------------------------
     0 | D:1      | HilariousDeathArtist the Spriggan Brigand began the quest
                  | for the Orb.
     0 | D:1      | Reached XP level 1. HP: 10/10 MP: 2/2
   153 | D:1      | Reached skill level 2 in Dodging
   178 | D:1      | Reached XP level 2. HP: 15/15 MP: 3/3
   179 | D:1      | Reached skill level 2 in Fighting
   633 | D:1      | HP: 3/15 [rat (3)]
  1184 | D:1      | Reached skill level 3 in Dodging
  1184 | D:1      | Reached XP level 3. HP: 17/17 MP: 4/4
  1998 | D:2      | Found Rapnycs's Weapon Emporium.
  2208 | D:2      | Found a faded altar of an unknown god.
  2319 | D:2      | Became a worshipper of Dithmenos the Shadowed
  2319 | D:2      | Reached * piety under Dithmenos
  2638 | D:3      | Reached skill level 3 in Short Blades
  2638 | D:3      | Reached XP level 4. HP: 14/23 MP: 5/5
  3038 | D:3      | Reached skill level 4 in Dodging
  3038 | D:3      | Reached XP level 5. HP: 28/28 MP: 6/6
  3080 | D:3      | Noticed an ice beast
  3109 | D:3      | Killed an ice beast
  3110 | D:3      | Reached skill level 3 in Fighting
  3353 | D:3      | Found an opulent altar of Gozag.
  3464 | D:3      | Noticed a black bear
  3473 | D:3      | Killed a black bear
  3474 | D:3      | Reached skill level 4 in Short Blades
  3474 | D:3      | Reached skill level 3 in Throwing
  3474 | D:3      | Reached XP level 6. HP: 32/32 MP: 7/7
  3481 | D:3      | Found an ornate altar of the Wu Jian Council.
  3646 | D:4      | Reached skill level 5 in Dodging
  3732 | D:4      | Reached ** piety under Dithmenos
  4550 | D:5      | Entered Level 5 of the Dungeon
  4568 | D:5      | Reached XP level 7. HP: 32/36 MP: 8/8
  4868 | D:5      | Noticed Pikel
  4892 | D:5      | Killed Pikel
  4893 | D:5      | Reached skill level 4 in Fighting
  4893 | D:5      | Reached skill level 5 in Short Blades
  4893 | D:5      | Reached skill level 4 in Throwing
  4893 | D:5      | Reached skill level 6 in Dodging
  4893 | D:5      | Reached XP level 8. HP: 42/42 MP: 9/9
  5231 | D:5      | Reached skill level 7 in Dodging
  5312 | D:5      | Reached skill level 5 in Throwing
  5448 | D:5      | Reached skill level 6 in Short Blades
  5857 | D:5      | Reached skill level 5 in Fighting
  6077 | D:5      | Found a shadowy altar of Dithmenos.
  6078 | D:5      | Noticed Edmund
  6102 | D:5      | Killed Edmund
  6299 | D:6      | You fall into a shaft and drop 3 floors!
  6389 | D:7      | Found a staircase to the Ecumenical Temple.
  6434 | D:7      | Found Tisamay's Distillery.
  6456 | D:6      | Reached skill level 8 in Dodging
  6463 | D:6      | Reached XP level 9. HP: 43/47 MP: 10/10
  6504 | D:6      | Reached skill level 1 in Evocations
  6545 | D:6      | Found a sacrificial altar of Ru.
  6569 | D:6      | Found a sand-covered staircase.
  6578 | Ossuary  | Entered an ossuary
  6669 | Ossuary  | Reached *** piety under Dithmenos
  6788 | Ossuary  | Identified a scroll of acquirement
  6788 | Ossuary  | Acquired a manual of Dodging
  6968 | D:6      | Found a glowing drain.
  6983 | Sewer    | Entered a sewer
  7072 | Sewer    | Reached skill level 1 in Shields
  7072 | Sewer    | Reached skill level 2 in Evocations
  7133 | Sewer    | Found a glowing silver altar of Zin.
  7806 | D:6      | Found a runed translucent door.
  7807 | D:6      | Noticed Crazy Yiuf
  7854 | D:6      | Killed Crazy Yiuf
  7899 | D:7      | Found an ancient bone altar of Kikubaaqudgha.
  7947 | D:7      | Reached skill level 3 in Evocations
  7950 | D:7      | Reached skill level 6 in Throwing
  8048 | D:7      | Bought a potion of might for 56 gold pieces
  8048 | D:7      | Bought a potion of attraction for 42 gold pieces
  8218 | D:7      | Found a glowing golden altar of the Shining One.
  8223 | D:7      | Noticed Joseph
  8270 | D:7      | Reached skill level 9 in Dodging
  8353 | D:7      | Reached skill level 7 in Short Blades
  8354 | D:7      | Noticed a troll
  8373 | D:7      | Killed a troll
  8374 | D:7      | Reached skill level 4 in Evocations
  8392 | D:7      | Reached **** piety under Dithmenos
  8488 | D:7      | Reached skill level 10 in Dodging
  8502 | D:7      | Reached skill level 5 in Evocations
  8509 | D:7      | HP: 11/48 [centaur skeleton (2)]
  8792 | D:7      | Found a sparkling altar of Nemelex Xobeh.
  8876 | D:7      | Reached skill level 2 in Shields
  9462 | D:8      | Found a white marble altar of Elyvilon.
  9481 | D:8      | Noticed a two-headed ogre
  9777 | D:8      | Killed a two-headed ogre
  9778 | D:8      | Reached skill level 11 in Dodging
  9778 | D:8      | Reached skill level 6 in Evocations
  9778 | D:8      | Reached XP level 10. HP: 53/53 MP: 11/11
  9804 | D:8      | Noticed a two-headed ogre
 10048 | D:8      | Killed a two-headed ogre
 10049 | D:8      | Reached skill level 6 in Fighting
 10099 | D:8      | Found a staircase to the Lair.
 10252 | D:8      | Reached skill level 12 in Dodging
 10252 | D:8      | Reached skill level 7 in Evocations
 10276 | D:8      | Found Lassynes's Antique Armour Shop.
 10280 | D:8      | Noticed Erica
 10296 | D:8      | Killed Erica
 10310 | D:8      | Bought a glowing cloak for 202 gold pieces
 10348 | D:8      | Reached skill level 7 in Throwing
 10385 | D:8      | Reached skill level 8 in Short Blades
 10575 | D:7      | Noticed Joseph
 10575 | D:7      | Joseph changed into Joseph the golden eye
 10595 | D:7      | Killed Joseph the golden eye
 10740 | D:9      | Found Pegyllot's Antique Armour Shoppe.
 10754 | D:9      | Found a shimmering altar of Xom.
 10803 | D:9      | Reached skill level 3 in Shields
 11104 | D:9      | Reached skill level 8 in Evocations
 11115 | D:9      | Reached skill level 13 in Dodging
 11538 | D:9      | Reached XP level 11. HP: 58/58 MP: 12/12
 11972 | D:9      | Found Loanoq's Antique Armour Shop.
 12205 | D:10     | Entered Level 10 of the Dungeon
 12417 | D:10     | Noticed Harold
 12427 | D:10     | Reached ***** piety under Dithmenos
 12431 | D:10     | HP: 9/58 [Harold/+0 trident (21)]
 12448 | D:10     | Killed Harold
 12449 | D:10     | Reached skill level 14 in Dodging
 12449 | D:10     | Reached skill level 9 in Evocations
 12894 | D:10     | Found a staircase to the Orcish Mines.
 13104 | D:10     | Noticed Urug
 13298 | D:10     | Killed Urug
 13648 | D:10     | Noticed Erolcha
 13658 | D:10     | Found an iron altar of Okawaru.
 13666 | D:10     | Killed Erolcha
 13725 | D:10     | Found a broken altar of Ashenzari.
 13725 | D:10     | Found a basalt altar of Yredelemnul.
 13947 | D:11     | Noticed a boulder beetle
 13963 | D:11     | Killed a boulder beetle
 14188 | D:11     | Found a portal to a secret trove of treasure.
 14395 | D:11     | Noticed Fannar
 14407 | D:11     | Gained mutation: You sometimes lose the ability to read
                  | scrolls when taking damage. [potion of mutation]
 14407 | D:11     | Gained mutation: You have a pair of small antennae on your
                  | head. [potion of mutation]
 14413 | D:11     | HP: 12/58 [Fannar/+0 quarterstaff of freezing (4)]
 14436 | D:11     | Killed Fannar
 14437 | D:11     | Reached skill level 7 in Fighting
 14437 | D:11     | Reached skill level 15 in Dodging
 14437 | D:11     | Reached skill level 4 in Shields
 14437 | D:11     | Reached skill level 10 in Evocations
 14685 | D:11     | Noticed Maurice
 14717 | D:11     | HP: 14/58 [orc priest/divine providence (13)]
 14735 | D:11     | Killed Maurice
 14736 | D:11     | Reached skill level 9 in Short Blades
 15265 | D:11     | Noticed a boulder beetle
 15291 | D:11     | Killed a boulder beetle
 15292 | D:11     | Reached skill level 8 in Throwing
 15529 | D:11     | Noticed Psyche
 15549 | D:11     | Killed Psyche
 15932 | D:12     | Found Efetu's Antique Weapon Shop.
 15934 | D:12     | Reached XP level 12. HP: 63/63 MP: 13/13
 16299 | D:12     | Found a frozen archway.
 16300 | D:12     | Noticed Nergalle
 16316 | D:12     | Killed Nergalle
 16317 | D:12     | Reached skill level 16 in Dodging
 16337 | IceCv    | Entered an ice cave
 16466 | IceCv    | Reached skill level 11 in Evocations
 16919 | IceCv    | Reached skill level 6 in Stealth
 17064 | IceCv    | Found an ancient bone altar of Kikubaaqudgha.
 17100 | IceCv    | Reached skill level 1 in Invocations
 18264 | IceCv    | Reached ****** piety under Dithmenos
 19248 | IceCv    | Learned a level 6 spell: Freezing Cloud
 20274 | D:12     | Reached skill level 1 in Spellcasting
 20274 | D:12     | Reached skill level 1 in Ice Magic
 20274 | D:12     | Killed themself with a badly aimed iceblast

Illustrated notes

Levels and vault maps discovered:
D:1:      scummos_arrival_hexagon, layout_basic, chequers_serial_rivers_small_b
D:2:      layout_loops_ring, basic_ecumenical_altar, serial_shops, shop,
          hangedman_feature_mirror, kennysheep_potato
D:3:      layout_basic, lemuel_coloured_pillars_altar, lemuel_crystal_altar
D:4:      layout_rooms, minmay_large_rounded_square, kennysheep_generic_room_12
D:5:      layout_loops_ring, nicolae_dithmenos_through_a_glass_darkly,
          nrook_mini_backslash, due_unseen_surprise, uniq_pikel, uniq_edmund
D:6:      layout_basic, lemuel_doored_altar, portal_sewer_entry_d,
          nicolae_ossuary_entry_monument, uniq_crazy_yiuf_cottage
D:7:      wander_river, layout_basic, nicolae_overflow_hidden_temple,
          overflow_temple_1_default, overflow_temple_1_default,
          minmay_temple_entry_statues_pillars, serial_shops,
          kennysheep_little_box, uniq_joseph
D:8:      layout_rooms, elyvilon_altar_1, dpeg_oklobed_lair, serial_shops,
          shop_statue, uniq_erica
D:9:      layout_basic, lemuel_round_altar, serial_shops, shop,
          nicolae_shop_crystal, minmay_tree_intersection,
          minmay_fractal_squares_5
D:10:     layout_loops_ring, lemuel_round_altar,
          gammafunk_temple_overflow_pools, erik_orc_4, serial_ice, serial_ice_l,
          serial_ice_b, serial_ice_o, serial_ice_e, uniq_harold, uniq_erolcha,
          uniq_urug
D:11:     layout_loops_ring, serial_rivers, chequers_serial_rivers_room_b,
          chequers_serial_rivers_micro_b, chequers_serial_rivers_micro_d,
          chequers_serial_rivers_micro_e, nicolae_trove_entry_crystal,
          uniq_psyche, uniq_fannar, uniq_maurice
D:12:     layout_rooms, serial_co_window_serial, co_window_paths_b,
          co_window_paths_b, co_window_of_opportunity_a, co_window_paths_b,
          co_window_corner_a, co_window_corner_ca, co_window_paths_c,
          co_window_broadway_a, portal_ice_cave_demonic_guard, serial_shops,
          shop, minmay_nine_imps, uniq_nergalle

Skill      XL: |  1  2  3  4  5  6  7  8  9 10 11 12 |
---------------+-------------------------------------+-----
Dodging        | 2 3 4 5 6 8 11 13 15 16 | 16.9
Fighting       | 2 3 4 5 6 7 |  7.5
Short Blades   | 3 4 5 6 7 8 9 |  9.6
Throwing       | 3 4 5 6 7 8 |  8.5
Evocations     | 6 8 10 11 | 11.6
Shields        | 2 3 4 |  4.7
Stealth        | 6 |  6.5
Invocations    | 1 |  1.7
Spellcasting   | 1 |  1.0
Ice Magic      | 1 |  1.0
Conjurations   | |  0.3
Air Magic      | |  0.4

Action                   |  1- 3 |  4- 6 |  7- 9 | 10-12 || total
-------------------------+-------+-------+-------+-------++-------
Melee: Dagger            |   114 |   139 |   505 |   749 ||  1507
       Scimitar          |       |       |       |   297 ||   297
Throw: Stone             |    67 |    83 |    22 |    34 ||   206
       Dart              |     6 |     7 |   194 |   235 ||   442
       Boomerang         |     3 |     3 |     5 |   110 ||   121
Invok: Shadow Step       |       |       |     1 |       ||     1
Evoke: Wand              |       |       |     3 |    42 ||    45
  Use: Scroll            |       |       |    17 |     6 ||    23
       Potion            |       |       |    10 |     7 ||    17
 Stab: Sleeping          |     2 |     1 |    14 |     8 ||    25
       Confused          |       |       |       |     3 ||     3
       Distracted        |       |       |       |     1 ||     1
       Paralysed         |       |       |       |     1 ||     1
Armor: Robe              |    11 |     8 |    38 |    44 ||   101
       Skin              |       |       |     8 |       ||     8
Dodge: Dodged            |    73 |   101 |   438 |   729 ||  1341
Block: Buckler           |       |       |   101 |   248 ||   349
       Rpst.: Scimitar   |       |       |       |    82 ||    82

Table legend: (Time is in decaauts)
 A = Elapsed time spent in this place.
 B = Non-inter-level travel time spent in this place.
 C = Inter-level travel time spent in this place.
 D = Time resting spent in this place.
 E = Time spent auto-exploring this place.
 F = Levels seen in this place.
 G = Mean time per level.
                   A        B        C        D        E       F      G
               +--------+--------+--------+--------+--------+-----+--------+
         Total |  15838 |  15471 |    367 |   5942 |   5654 |  15 | 1055.9 |
       Dungeon |  12816 |  12449 |    367 |   4223 |   5257 |  12 | 1068.0 |
         Sewer |    162 |    162 |      0 |      0 |    109 |   1 |  162.0 |
       Ossuary |    164 |    164 |      0 |     13 |      0 |   1 |  164.0 |
      Ice Cave |   2694 |   2694 |      0 |   1705 |    287 |   1 | 2694.0 |
               +--------+--------+--------+--------+--------+-----+--------+

Top non-repeatable levels by time:
   IceCv: 2694 daAuts
    D:11: 1816 daAuts
     D:7: 1503 daAuts
     D:5: 1334 daAuts
    D:10: 1251 daAuts
     D:1: 1099 daAuts
     D:9: 915 daAuts
    D:12: 915 daAuts
     D:8: 909 daAuts
     D:2: 806 daAuts
     D:4: 804 daAuts
     D:3: 747 daAuts
     D:6: 714 daAuts
 Ossuary: 164 daAuts
   Sewer: 162 daAuts

Table legend:
 A = Kills in this place as a percentage of kills in entire the game.
 B = Kills by you in this place as a percentage of kills by you in the entire game.
 C = Kills by friends in this place as a percentage of kills by friends in the entire game.
 D = Other kills in this place as a percentage of other kills in the entire game.
 E = Experience gained in this place as a percentage of experience gained in the entire game.
 F = Experience gained in this place divided by the number of levels of this place that you have seen.
                   A       B       C       D       E      F
               +-------+-------+-------+-------+-------+----------------------
         Total | 100.0 | 100.0 | 100.0 |   N/A | 100.0 | 2208.3
       Dungeon |  76.7 |  77.1 |   0.0 |   N/A |  81.9 | 2261.1
         Sewer |   3.1 |   3.1 |   0.0 |   N/A |   0.4 | 116.0
       Ossuary |   5.6 |   5.6 |   0.0 |   N/A |   0.4 | 138.0
      Ice Cave |  14.7 |  14.2 | 100.0 |   N/A |  17.3 | 5738.0
               +-------+-------+-------+-------+-------+----------------------
